 Dungeon Crawl Stone Soup version 0.16.2-12-gd0ad4c3 (webtiles) character file.

45733 Gartch2 the Devastator (level 14, -5/82 HPs)
             Began as a Deep Elf Conjurer on Nov 9, 2015.
             Was a High Priest of Vehumet.
             Slain by a death yak (28 damage)
             ... on level 7 of the Lair of Beasts on Dec 12, 2015.
             The game lasted 05:56:04 (30023 turns).

Gartch2 the Devastator (Deep Elf Conjurer)         Turns: 30023, Time: 05:56:05

Health: -5/82      AC:  8    Str:  5    XL:     14   Next: 2%
Magic:  30/38      EV: 21    Int: 29    God:    Vehumet [*****.]
Gold:   1268       SH:  0    Dex: 15    Spells: 8 memorised, 13 levels left

rFire  . . .     SeeInvis .     P - +5 trident of Amortisation {pierce, rPois rC+ Int+3 Stlth+}
rCold  + . .     Clarity  .     a - +0 robe
rNeg   . . .     SustAb   .     (no shield)
rPois  +         Gourm    .     C - +0 helmet
rElec  .         Spirit   .     K - +0 cloak
rCorr  .         Warding  .     V - +0 pair of gloves
rMut   .         Stasis   .     e - +2 pair of boots
MR     +....                    (no amulet)
Stlth  +++.......               J - ring of poison resistance
                                r - +5 ring of evasion

@: somewhat resistant to hostile enchantments, fairly stealthy
A: no striking features
a: Renounce Religion


You were on level 7 of the Lair of Beasts.
You worshipped Vehumet.
Vehumet was extremely pleased with you.
You were hungry.

You visited 3 branches of the dungeon, and saw 20 of its levels.

You collected 1268 gold pieces.

Inventory:

Hand weapons
 O - a +2 dagger of electrocution
 P - the +5 trident of Amortisation (weapon) {pierce, rPois rC+ Int+3 Stlth+}
   (You found it on level 10 of the Dungeon)

   It inflicts extra damage upon your enemies.
   It affects your intelligence (+3).
   It protects you from cold.
   It protects you from poison.
   It makes you more stealthy.
Missiles
 t - 2 tomahawks of dispersal (quivered)
 y - 17 poisoned needles
Armour
 a - a +0 robe (worn)
 e - a +2 pair of boots (worn)
 C - a +0 helmet (worn)
 D - a +0 buckler
 K - a +0 cloak (worn)
 V - a +0 pair of gloves (worn)
Jewellery
 f - an uncursed ring of flight
 i - an uncursed ring of protection from cold
 q - an uncursed ring of teleport control
 r - a +5 ring of evasion (left hand)
 u - an uncursed ring of fire
 H - an uncursed ring of stealth {unknown}
 J - a ring of poison resistance (right hand)
Magical devices
 c - a wand of disintegration (19)
 d - a wand of cold (6)
 h - a wand of fire (9)
 T - a wand of frost (35)
 X - a wand of digging (16)
Scrolls
 g - 2 scrolls of identify
 j - a scroll of enchant armour
 k - a scroll of magic mapping {unknown}
 v - 2 scrolls of amnesia
 B - 5 scrolls of teleportation
 G - 12 scrolls of remove curse
 M - 2 scrolls of blinking
 U - a scroll of recharging
 Z - 2 scrolls of enchant weapon
Potions
 l - 2 potions of invisibility
 o - 2 potions of heal wounds
 p - a potion of berserk rage
 s - 3 potions of haste
 w - a potion of agility
 x - 2 potions of cancellation
 A - 9 potions of curing
 F - a potion of magic
Comestibles
 b - 13 bread rations
 m - 10 meat rations
 n - 10 beef jerkies
 z - 4 fruits
 L - 11 royal jellies
 S - 3 slices of pizza


   Skills:
 + Level 7.5 Fighting
 - Level 7.2 Dodging
 - Level 2.4 Stealth
 + Level 14.3 Spellcasting
 * Level 15.9 Conjurations
 - Level 11.3 Charms
 + Level 8.2 Fire Magic
 + Level 6.8 Evocations


You had 13 spell levels left.
You knew the following spells:

 Your Spells              Type           Power        Failure   Level  Hunger
a - Magic Dart            Conj           ####         0%          1    None
b - Iskenderun's Mystic   Conj           #######.     1%          4    None
c - Iskenderun's Battles  Conj/Chrm      #######.     1%          5    None
d - Fulminant Prism       Conj/Hex       ######....   1%          4    None
e - Inner Flame           Hex/Fire       #####...     1%          3    None
f - Ignite Poison         Fire/Trmt      #####.....   4%          5    None
g - Swiftness             Chrm/Air       ######..     1%          2    None
h - Throw Icicle          Conj/Ice       ######..     1%          4    None


Dungeon Overview and Level Annotations

Branches:
Dungeon (11/15)            Temple (1/1) D:5            Lair (8/8) D:11
  Swamp (0/5) Lair:6       Spider (0/5) Lair:5        Slime (0/6) Lair:7
    Orc (0/4) D:9

Altars:
Ashenzari
Cheibriados
Dithmenos
Elyvilon
Fedhas
Gozag
Kikubaaqudgha
Makhleb
Nemelex Xobeh
Okawaru
Qazlal
Ru
Sif Muna
Trog
Vehumet
Xom
Yredelemnul
Zin
The Shining One
Beogh
Jiyva

Annotations:
D:7 4 runed doors, Menkaure
D:8 Psyche
D:10 Harold
Lair:3 Rupert
Lair:5 dvd's ghost, powerful SpEn


Message History

Okay, then.
You completely miss the death yak.
The death yak gores you but does no damage.
The death yak gores you!
* * * LOW HITPOINT WARNING * * *
The death yak gores the fungus!
The water moccasin completely misses the fungus.
Your fulminant prism explodes!
The blast of energy engulfs the death yak.
The death yak is lightly wounded.
The blast of energy engulfs the water moccasin.
The water moccasin is heavily wounded.
The blast of energy engulfs the death yak.
The death yak is lightly wounded.
The blast of energy engulfs the death yak.
The death yak is moderately wounded.
The blast of energy engulfs the fungus.
The fungus is heavily damaged.
The death yak gores you!!
You die...

.#.##...#######..###.#...#......#
#.#.#.....P..#....#..P...#....###
.............................P# #
#.P.......(#...#..##.....#.P..........
## ##..# #.#.#.#####............ ##
#..# #...#####.............# .# #..#
##...###..............#


You could see 3 death yaks and a water moccasin.

Vanquished Creatures
  3 hydras
  A death yak (Lair:8)
  A hill giant (D:11)
  A cyclops (D:11)
  An oklob plant (D:6)
  Maurice (D:8)
  7 black mambas
  12 spiny frogs
  8 komodo dragons
  2 trolls
  2 fire drakes
  A two-headed ogre (D:8)
  16 blink frogs
  13 polar bears
  9 spriggans
  A deep elf mage (D:11)
  42 yaks
  6 basilisks
  5 redbacks (Lair:8)
  2 wyverns
  7 hippogriffs
  Grum (D:8)
  24 wolves
  19 water moccasins
  7 porcupines
  A sky beast (D:5)
  3 wasps
  2 ice beasts
  A phantom (D:8)
  5 necrophages
  11 orc warriors
  5 ogres
  17 black bears
  7 centaurs
  A boring beetle (Lair:7)
  Sigmund (D:7)
  7 crocodiles
  20 giant frogs
  A wyvern zombie (D:8)
  3 scorpions
  A water moccasin skeleton (D:8)
  3 killer bees (D:10)
  An electric eel (Lair:3)
  4 goliath beetles
  8 crimson imps
  12 hounds
  A centaur zombie (D:5)
  A quasit (D:8)
  A centaur skeleton (D:10)
  17 jellies
  9 orc priests
  3 giant frog skeletons
  8 orc wizards
  8 iguanas
  12 worker ants
  Ijyb (D:8)
  8 sheep
  A hound zombie (D:9)
  5 hound skeletons
  31 adders
  32 river rats
  7 gnolls
  4 giant mites
  4 worms
  An adder zombie (D:9)
  2 adder skeletons
  20 oozes
  56 orcs
  18 bats
  A bat skeleton (D:4)
  A bat zombie (D:8)
  10 giant cockroaches
  19 hobgoblins
  9 jackals
  17 kobolds
  18 quokkas
  2 ball pythons
  9 giant geckos
  A giant gecko skeleton (D:4)
  8 giant newts
  16 goblins
  2 quokka zombies
  13 rats
  4 fungi
686 creatures vanquished.

Vanquished Creatures (others)
  18 fulminant prisms
  A sheep (Lair:4)
  39 fungi
  15 plants
73 creatures vanquished.

Grand Total: 759 creatures vanquished

Notes
Turn   | Place    | Note
--------------------------------------------------------------
     0 | D:1      | Gartch2, the Deep Elf Conjurer, began the quest for the Orb.
     0 | D:1      | Reached XP level 1. HP: 10/10 MP: 5/5
   295 | D:1      | Reached XP level 2. HP: 15/15 MP: 1/8
   377 | D:1      | Reached skill level 5 in Conjurations
   851 | D:1      | Reached XP level 3. HP: 19/19 MP: 7/10
  2573 | D:3      | Reached skill level 6 in Conjurations
  2634 | D:3      | Reached XP level 4. HP: 24/24 MP: 10/13
  2640 | D:3      | Learned a level 4 spell: Iskenderun's Mystic Blast
  2991 | D:3      | Reached skill level 7 in Conjurations
  2991 | D:3      | Reached XP level 5. HP: 28/28 MP: 4/16
  3117 | D:3      | Learned a level 5 spell: Iskenderun's Battlesphere
  3452 | D:3      | Reached skill level 1 in Charms
  4116 | D:4      | Reached XP level 6. HP: 20/32 MP: 6/18
  4432 | D:4      | Found a stormy altar of Qazlal.
  4534 | D:4      | Found a sacrificial altar of Ru.
  4947 | D:4      | Noticed an ogre
  5128 | D:4      | Reached skill level 8 in Conjurations
  5594 | D:4      | Reached skill level 5 in Charms
  5644 | D:4      | Found a basalt altar of Yredelemnul.
  5996 | D:5      | Entered Level 5 of the Dungeon
  6091 | D:5      | Reached XP level 7. HP: 32/36 MP: 5/20
  6650 | D:4      | Killed an ogre
  6690 | D:4      | Reached skill level 9 in Conjurations
  6927 | D:5      | Found a staircase to the Ecumenical Temple.
  6935 | Temple   | Entered the Ecumenical Temple
  7030 | D:5      | Reached XP level 8. HP: 30/41 MP: 8/21
  7773 | D:5      | Noticed a water moccasin
  7782 | D:5      | Killed a water moccasin
  8445 | D:4      | Reached skill level 5 in Spellcasting
  8445 | D:4      | Reached skill level 10 in Conjurations
  9280 | D:6      | Found a white marble altar of Elyvilon.
  9427 | D:6      | Noticed an oklob plant
  9698 | D:6      | Reached XP level 9. HP: 43/45 MP: 20/29
  9838 | D:6      | Killed an oklob plant
  9838 | D:6      | Reached skill level 10 in Spellcasting
 10212 | D:6      | Found a radiant altar of Vehumet.
 10230 | D:6      | Reached skill level 1 in Fighting
 10306 | D:6      | Became a worshipper of Vehumet
 10540 | D:7      | Noticed Menkaure
 10654 | D:7      | Noticed Sigmund
 10668 | D:7      | Killed Sigmund
 10799 | D:7      | Found a huge runed gate.
 10799 | D:7      | Found a huge runed gate.
 10799 | D:7      | Found a huge runed gate.
 10799 | D:7      | Found a huge runed gate.
 10799 | D:7      | Noticed a griffon
 10811 | D:7      | Learned a level 4 spell: Fulminant Prism
 10864 | D:7      | Got a bloodstained quarterstaff
 11546 | D:7      | Noticed Ijyb
 11603 | D:8      | Killed Ijyb
 11942 | D:8      | Noticed Maurice
 12281 | D:7      | Acquired Vehumet's first power
 12281 | D:7      | Offered knowledge of Freeze by Vehumet.
 12613 | D:8      | Noticed Grum
 12627 | D:8      | Killed Grum
 12627 | D:8      | Reached skill level 11 in Conjurations
 12632 | D:8      | Reached XP level 10. HP: 45/54 MP: 9/31
 13248 | D:8      | Noticed Psyche
 13620 | D:8      | Found a shimmering altar of Xom.
 13996 | D:8      | Reached skill level 5 in Dodging
 14007 | D:8      | Offered knowledge of Throw Frost by Vehumet.
 14286 | D:8      | Killed Maurice
 14430 | D:8      | Reached skill level 10 in Charms
 15046 | D:9      | Offered knowledge of Inner Flame by Vehumet.
 15051 | D:9      | Learned a level 3 spell: Inner Flame
 15221 | D:9      | Reached skill level 1 in Fire Magic
 15374 | D:9      | Acquired Vehumet's second power
 15383 | D:9      | Found a roughly hewn altar of Beogh.
 15456 | D:9      | Found a staircase to the Orcish Mines.
 15474 | D:9      | Reached skill level 12 in Conjurations
 15499 | D:9      | Found a bloodstained altar of Trog.
 15908 | D:10     | Entered Level 10 of the Dungeon
 15920 | D:10     | Got a smoking trident
 15921 | D:10     | Identified the +5 trident of Amortisation {pierce, rPois rC+ Int+3 Stlth+} (You found it on level 10 of the Dungeon)
 16049 | D:10     | Offered knowledge of Olgreb's Toxic Radiance by Vehumet.
 16236 | D:10     | Reached XP level 11. HP: 61/61 MP: 24/33
 16705 | D:10     | Acquired Vehumet's third power
 16776 | D:10     | Noticed Harold
 17228 | D:11     | Noticed a hill giant
 17254 | D:11     | Killed a hill giant
 17364 | D:11     | Offered knowledge of Sticky Flame by Vehumet.
 17636 | D:11     | Found a staircase to the Lair.
 17655 | Lair:1   | Entered Level 1 of the Lair of Beasts
 18466 | Lair:1   | Reached skill level 13 in Conjurations
 18675 | Lair:1   | Reached skill level 5 in Fighting
 19524 | Lair:2   | Noticed a four-headed hydra
 19626 | Lair:2   | Offered knowledge of Conjure Ball Lightning by Vehumet.
 19631 | Lair:2   | Reached XP level 12. HP: 68/68 MP: 24/35
 20020 | Lair:2   | Reached skill level 5 in Fire Magic
 20188 | Lair:2   | Killed a four-headed hydra
 20326 | Lair:2   | Got a translucent gossamer ring
 20607 | Lair:2   | Identified the ring "Uvixum" {rN++ Str+3 Int-3 SInv Stlth-} (You found it on level 2 of the Lair of Beasts)
 20902 | Lair:3   | Noticed a six-headed hydra
 20997 | Lair:3   | Noticed Rupert
 21326 | Lair:3   | Learned a level 5 spell: Ignite Poison
 21470 | Lair:3   | Reached skill level 14 in Conjurations
 21577 | Lair:3   | Reached skill level 1 in Evocations
 21818 | Lair:3   | Killed a six-headed hydra
 22330 | Lair:4   | Got a distressingly furry ice dragon armour
 23238 | Lair:5   | Found a hole to the Spider Nest.
 23534 | Lair:5   | Offered knowledge of Throw Icicle by Vehumet.
 23700 | Lair:5   | Reached XP level 13. HP: 75/75 MP: 24/36
 23763 | Lair:5   | Got a polished leather armour
 24391 | Lair:5   | Noticed dvd's ghost (powerful SpEn)
 24802 | Lair:6   | Learned a level 2 spell: Swiftness
 24831 | Lair:6   | Reached skill level 5 in Evocations
 24917 | Lair:6   | Reached skill level 15 in Conjurations
 25232 | Lair:6   | Found a staircase to the Swamp.
 25939 | Lair:7   | Learned a level 4 spell: Throw Icicle
 26861 | Lair:7   | Found a viscous altar of Jiyva.
 26861 | Lair:7   | Found a staircase to the Slime Pits.
 27493 | Lair:8   | Entered Level 8 of the Lair of Beasts
 29746 | Lair:8   | Offered knowledge of Bolt of Cold by Vehumet.
 29841 | Lair:8   | Reached XP level 14. HP: 82/82 MP: 26/38
 30023 | Lair:7   | Slain by a death yak

Action                   |  1- 3 |  4- 6 |  7- 9 | 10-12 | 13-15 || total
-------------------------+-------+-------+-------+-------+-------++-------
Melee: Unarmed           |     2 |       |       |       |       ||     2
       Dagger            |     7 |       |    34 |     4 |       ||    45
       Whip              |    45 |    20 |    81 |       |       ||   146
       Mace              |       |       |     2 |    22 |       ||    24
       Trident           |       |       |       |    77 |    75 ||   152
Throw: Tomahawk          |       |     1 |     6 |       |       ||     7
 Cast: Magic Dart        |    76 |   184 |   199 |   389 |    92 ||   940
       Iskenderun's Myst |       |     5 |    61 |   178 |   135 ||   379
       Iskenderun's Batt |       |       |    55 |   142 |    90 ||   287
       Inner Flame       |       |       |       |     1 |       ||     1
       Fulminant Prism   |       |       |       |     6 |    12 ||    18
       Ignite Poison     |       |       |       |       |     8 ||     8
       Swiftness         |       |       |       |       |     1 ||     1
  Use: Potion            |     2 |       |       |       |     2 ||     4
       Scroll            |       |       |    19 |    11 |     3 ||    33
 Stab: Sleeping          |     3 |     2 |     1 |     3 |     5 ||    14
       Distracted        |       |       |       |     1 |       ||     1
  Eat: Chunk             |     3 |    11 |    32 |    42 |    19 ||   107
       Royal jelly       |     1 |       |       |       |       ||     1
       Fruit             |       |       |     2 |       |       ||     2
       Pizza             |       |       |     1 |       |       ||     1
       Beef jerky        |       |       |     1 |       |       ||     1
       Bread ration      |       |       |       |     1 |       ||     1
